 Dungeon Sprint DCSS version 0.26-a0-682-g294304f6e8 (webtiles) character file.

Game seed: 16388272101717464049

5933 mhtbhm the Severer (level 10, -2/162 HPs)
             Began as a Minotaur Berserker on Oct 20, 2020.
             Was the Champion of Trog.
             Slain by a merfolk
             ... wielding a +0 glaive
              (8 damage)
             ... in the Dungeon (Sprint VII: "The Pits").
             The game lasted 00:02:08 (2007 turns).

mhtbhm the Severer (Minotaur Berserker)             Turns: 2007, Time: 00:02:08

Health: -2/162     AC: 14    Str: 30    XL:     10   Next: 54%
Magic:  9/9        EV: 15    Int:  4    God:    Trog [******]
Gold:   0          SH:  0    Dex: 11    Spells: 9/9 levels left

rFire    . . .     SeeInvis .   a - +6 battleaxe (vorpal)
rCold    . . .     Faith    .   (shield currently unavailable)
rNeg     . . .     Spirit   .   b - +4 scale mail
rPois    .         Reflect  .   (helmet restricted)
rElec    .         Harm     .   (no cloak)
rCorr    .         Rampage  .   q - +0 pair of gloves
MR       .....     NoTele   +   (no boots)
Stlth    ..........             (no amulet)
HPRegen  0.37/turn              l - +3 ring of strength
MPRegen  0.11/turn              m - +3 ring of strength

@: berserking, very quick
A: retaliatory headbutt, horns 2
a: Berserk, Trog's Hand, Brothers in Arms, Renounce Religion


You were in the Dungeon.
You worshipped Trog.
Trog was exalted by your worship.
You visited 1 branch

Inventory:

Hand Weapons
 a - a +6 vorpal battleaxe (weapon)
Armour
 b - a +4 scale mail (worn)
 q - a +0 pair of gloves (worn)
Jewellery
 l - a +3 ring of strength (left hand)
 m - a +3 ring of strength (right hand)
Scrolls
 h - a scroll of blinking
 j - 3 scrolls of remove curse
 k - a scroll of summoning
Potions
 c - 6 potions of curing
 d - 8 potions of heal wounds
 e - a potion of haste
 f - 4 potions of magic
 g - 3 potions of berserk rage
 i - 2 potions of invisibility
 n - a potion of stabbing
 o - a potion of might
 p - a potion of mutation


   Skills:
 + Level 16.4 Fighting
 + Level 18.2 Axes
 + Level 12.4 Armour
 + Level 9.3 Dodging
 + Level 2.4 Stealth


You had 9 spell levels left.
You didn't know any spells.
Your spell library was empty.

Dungeon Overview and Level Annotations

Branches:
Dungeon (1/1)

Altars:
Ashenzari
Cheibriados
Dithmenos
Elyvilon
Fedhas
Gozag
Hepliaklqana
Kikubaaqudgha
Makhleb
Nemelex Xobeh
Okawaru
Qazlal
Ru
Sif Muna
Trog
Uskayaw
Vehumet
Wu Jian
Xom
Yredelemnul
Zin
The Shining One
Beogh
Jiyva
Lugonu


Innate Abilities, Weirdness & Mutations

You reflexively headbutt those who attack you in melee.
You have a pair of horns on your head.


Message History

The merfolk hits you with a +0 trident.
* * * LOW HITPOINT WARNING * * *
The merfolk barely misses you.
The merfolk impaler hits you with a +3 trident of flaming.
* * * LOW HITPOINT WARNING * * *
The merfolk impaler burns you.
* * * LOW HITPOINT WARNING * * *
You see here a +0 trident.
You barely miss the merfolk. You headbutt the merfolk.
The merfolk is lightly wounded.
You miss the merfolk impaler. You slice the merfolk!!
You kill the merfolk!
Trog accepts your kill.
The merfolk impaler hits you but does no damage.
Unknown command.
Unknown command.
You slice the merfolk impaler!!
The merfolk impaler is heavily wounded.
You barely miss the merfolk. The merfolk hits you with a +0 glaive!
You die...

#++#############
#......m).......
#.....))@m......
#..#############
#..# #..# #..#
#††# #.†# #..#
#########..#


You could see a merfolk impaler and a merfolk.

Vanquished Creatures
  A ghost moth (D)
  A shadow wraith (D)
  A flayed ghost (D)
  An elephant (D)
  An efreet (D)
  3 merfolk (D)
  6 dream sheep (D)
  Sigmund (D)
  5 yaks (D)
  A fire bat (D)
  A floating eye (D)
  An orc warrior (D)
  A sky beast (D)
  An ice beast (D)
  An ogre (D)
  2 orc wizards (D)
  A worker ant (D)
  A gnoll (D)
  An ufetubus (D)
  A leopard gecko (D)
  5 orcs (D)
  A bat zombie (D)
  A giant cockroach (D)
  A kobold (D)
  A ball python (D)
  2 goblins (D)
  A leopard gecko skeleton (D)
  A rat (D)
45 creatures vanquished.

Notes
Turn   | Place    | Note
-------+----------+-------------------------------------------
     0 | D        | mhtbhm the Minotaur Berserker began the quest for the Orb.
     0 | D        | Reached XP level 1. HP: 19/19 MP: 0/0
    11 | D        | Reached skill level 4 in Axes
    11 | D        | Reached XP level 2. HP: 9/28 MP: 1/1
   120 | D        | Found a bloodstained altar of Trog.
   120 | D        | Found a shimmering blue altar of Sif Muna.
   120 | D        | Found a viscous altar of Jiyva.
   120 | D        | Found a hazy altar of Hepliaklqana.
   120 | D        | Found an opulent altar of Gozag.
   121 | D        | Found a glowing golden altar of the Shining One.
   121 | D        | Found a glowing silver altar of Zin.
   121 | D        | Found a basalt altar of Yredelemnul.
   121 | D        | Found a shimmering altar of Xom.
   121 | D        | Found an ornate altar of the Wu Jian Council.
   121 | D        | Found a sacrificial altar of Ru.
   121 | D        | Found a stormy altar of Qazlal.
   121 | D        | Found an iron altar of Okawaru.
   121 | D        | Found a sparkling altar of Nemelex Xobeh.
   121 | D        | Found a burning altar of Makhleb.
   121 | D        | Found a blossoming altar of Fedhas.
   121 | D        | Found a white marble altar of Elyvilon.
   121 | D        | Found a shadowy altar of Dithmenos.
   121 | D        | Found a snail-covered altar of Cheibriados.
   123 | D        | Found a radiant altar of Vehumet.
   123 | D        | Found a corrupted altar of Lugonu.
   123 | D        | Found a roughly hewn altar of Beogh.
   212 | D        | Reached ** piety under Trog
   217 | D        | Reached skill level 5 in Fighting
   217 | D        | Reached skill level 5 in Axes
   222 | D        | Reached skill level 6 in Axes
   222 | D        | Reached XP level 3. HP: 30/37 MP: 2/2
   411 | D        | Noticed a floating eye
   415 | D        | Reached *** piety under Trog
   420 | D        | Paralysed by a floating eye for 4 turns
   424 | D        | Killed a floating eye
   424 | D        | Reached skill level 8 in Axes
   424 | D        | Reached XP level 4. HP: 41/49 MP: 3/3
   424 | D        | Reached XP level 5. HP: 46/55 MP: 4/4
   502 | D        | Noticed a fire bat
   502 | D        | Noticed a sky beast
   508 | D        | Killed a fire bat
   508 | D        | Reached skill level 10 in Fighting
   508 | D        | Reached skill level 10 in Axes
   508 | D        | Reached skill level 5 in Armour
   508 | D        | Reached XP level 6. HP: 66/66 MP: 5/5
   508 | D        | Noticed an orc warrior
   509 | D        | Reached **** piety under Trog
   511 | D        | Reached skill level 5 in Dodging
   513 | D        | Noticed Sigmund
   515 | D        | Killed a sky beast
   515 | D        | Reached skill level 11 in Axes
   518 | D        | Killed an orc warrior
   518 | D        | Reached ***** piety under Trog
   518 | D        | Reached skill level 12 in Axes
   528 | D        | Killed Sigmund
   528 | D        | Reached XP level 7. HP: 77/77 MP: 6/6
   607 | D        | Reached skill level 13 in Axes
   622 | D        | Killed a shadow wraith
   622 | D        | Reached skill level 14 in Axes
   622 | D        | Reached XP level 8. HP: 20/86 MP: 7/7
   894 | D        | Reached ****** piety under Trog
   897 | D        | Received a gift from Trog
  1019 | D        | Killed a ghost moth
  1019 | D        | Reached skill level 15 in Axes
  1019 | D        | Reached skill level 1 in Stealth
  1019 | D        | Reached XP level 9. HP: 96/96 MP: 0/8
  1021 | D        | Reached skill level 16 in Axes
  1402 | D        | Found a hide-covered altar of Uskayaw.
  1402 | D        | Found an ancient bone altar of Kikubaaqudgha.
  1402 | D        | Found a broken altar of Ashenzari.
  1429 | D        | Noticed a flayed ghost
  1430 | D        | Noticed an elephant
  1439 | D        | Killed an elephant
  1439 | D        | Reached skill level 15 in Fighting
  1439 | D        | Reached skill level 10 in Armour
  1444 | D        | Killed a flayed ghost
  1678 | D        | Received a gift from Trog
  1682 | D        | Reached skill level 17 in Axes
  1682 | D        | Reached XP level 10. HP: 75/107 MP: 9/9
  1992 | D        | Noticed a merfolk impaler
  1996 | D        | Reached skill level 18 in Axes
  1999 | D        | Received a gift from Trog
  2005 | D        | HP: 7/162 [merfolk impaler/+3 trident of flaming (4)]
  2007 | D        | Slain by a merfolk

Illustrated notes

Levels and vault maps discovered:
D:        pitsprint [storerooms_1, entrance_room_1, metal_vault_4, armoury_3,
          mini_pit_1, grid_room_1, main_hall_1, silver_pit, the_coven_2,
          the_vestibule_1, steel_vault_5, golden_pit, hallway_of_sentries,
          crystal_vault_5, iron_vault_4, final_vault]

Skill      XL: |  1  2  3  4  5  6  7  8  9 10 |
---------------+-------------------------------+-----
Fighting       | 4 6 8 10 12 13 14 15 16 | 16.4
Axes           | 4 6 8 10 12 14 15 17 18 | 18.2
Armour         | 3 4 5 6 7 9 11 12 | 12.4
Dodging        | 3 4 5 6 7 8 9 |  9.3
Stealth        | 1 2 |  2.4

Action                   |  1- 3 |  4- 6 |  7- 9 | 10-12 || total
-------------------------+-------+-------+-------+-------++-------
Melee: Hand axe          |    17 |    20 |    23 |       ||    60
       Headbutt          |     1 |     4 |     9 |     3 ||    17
       Battleaxe         |       |       |    17 |    17 ||    34
Invok: Berserk           |       |     1 |     2 |     2 ||     5
Armor: Animal skin       |     1 |       |       |       ||     1
       Scale mail        |       |     5 |    17 |     6 ||    28
Dodge: Dodged            |    12 |     8 |    10 |    15 ||    45

Table legend: (Time is in decaauts)
 A = Elapsed time spent in this place.
 B = Non-inter-level travel time spent in this place.
 C = Inter-level travel time spent in this place.
 D = Time resting spent in this place.
 E = Time spent auto-exploring this place.
 F = Levels seen in this place.
 G = Mean time per level.
                   A        B        C        D        E       F      G
               +--------+--------+--------+--------+--------+-----+--------+
         Total |   2015 |   2015 |      0 |   1307 |    340 |   1 | 2015.0 |
       Dungeon |   2015 |   2015 |      0 |   1307 |    340 |   1 | 2015.0 |
               +--------+--------+--------+--------+--------+-----+--------+

Top non-repeatable levels by time:
       D: 2015 daAuts
